Map: Frostline LE

Players

WeAreLegion

  • Race: Terran Terran
  • League: Silver
  • Spawn Location: 1:00

A.I. 1 (Elite) - Winner!

  • Race: Protoss Protoss
  • Spawn Location: 7:00

VOD

Have the link to the VOD?

Description

Time

  • Played on: Dec. 9, 2024, 8:21 p.m.
  • Length: 13:31
Show
View Real Time Build Order
Export as new Build Order

WeAreLegion Terran 

Build Orders: Reaper Expand 

Get SALT Encoding   

  12  0:00  SCV  
  13  0:12  SCV  
  14  0:17  Supply Depot  
  14  0:24  SCV  
  15  0:39  SCV  
  15  0:41  Barracks  
  16  0:46  Refinery  
  16  0:51  SCV  
  17  1:03  SCV  
  18  1:15  SCV  
  19  1:27  Orbital Command  
  19  1:30  Reaper  
  20  1:47  Command Center  
  20  1:55  SCV  
  20  1:56  Supply Depot  
  21  2:09  Marine, Factory  
  21  2:14  SCV  
  23  2:26  SCV  
  24  2:58  SCV  
  25  2:59  Orbital Command  
  25  3:10  SCV  
  26  3:14  Starport  
  26  3:20  Refinery  
  26  3:22  SCV  
  26  3:25  Marine  
  28  3:30  Hellion  
  28  3:33  SCV  
  31  3:34  SCV  
  32  3:45  SCV  
  32  3:46  SCV  
  32  3:47  Barracks Reactor  
  34  3:50  Medivac  
  34  3:51  Widow Mine  
  38  4:00  SCV x2  
  40  4:02  Supply Depot  
  40  4:11  Barracks x2  
  40  4:12  SCV  
  40  4:13  SCV  
  42  4:24  Supply Depot, SCV, Marine x2  
  42  4:25  SCV  
  42  4:30  Widow Mine  
  48  4:40  Supply Depot, SCV x2  
  48  4:42  Marine  
  48  4:44  Starport Tech Lab  
  51  4:51  Supply Depot  
  51  4:52  SCV  
  52  4:55  SCV  
  52  4:56  Marine  
  52  4:57  Factory Tech Lab  
  52  4:59  Marine  
  54  5:03  Supply Depot  
  54  5:04  SCV  
  56  5:07  SCV  
  56  5:09  Raven  
  56  5:11  Barracks Tech Lab  
  59  5:14  Barracks Tech Lab  
  59  5:16  SCV  
  59  5:17  Marine x2  
  59  5:20  SCV  
  63  5:21  Refinery  
  63  5:23  Refinery  
  63  5:28  Barracks  
  63  5:29  SCV  
  63  5:30  Engineering Bay  
  63  5:35  Supply Depot, Marine  
  64  5:41  Supply Depot  
  65  5:47  SCV x2  
  65  5:49  Marine  
  68  5:50  Siege Tank  
  68  5:53  Marine  
  72  5:59  SCV  
  72  6:00  SCV  
  74  6:07  Marine  
  74  6:11  Marine  
  75  6:23  Siege Tank  
  78  6:27  Marine  
  78  6:29  Marine  
  81  6:35  Liberator  
  82  6:44  Barracks Reactor  
  82  6:45  Marine  
  82  6:46  Marine  
  77  6:55  Siege Tank  
  77  6:59  Combat Shield, Stimpack  
  80  7:01  Terran Infantry Weapons Level 1  
  80  7:03  Marine  
  80  7:07  Command Center  
  81  7:29  Marine  
  81  7:30  Marine  
  81  7:31  Siege Tank  
  86  7:46  Armory  
  86  7:47  Marine x2  
  88  7:58  Engineering Bay  
  88  8:01  Marine  
  88  8:03  Siege Tank  
  88  8:05  Marine x2  
  92  8:06  Ghost Academy  
  94  8:19  Marine  
  89  8:35  Siege Tank  
  89  8:37  Marauder  
  80  8:48  Marine x2  
  79  8:52  Concussive Shells  
  80  8:57  Terran Vehicle Weapons Level 1  
  80  8:58  Marauder  
  82  9:05  SCV x2  
  82  9:06  Marine x2  
  82  9:07  Siege Tank  
  89  9:17  SCV x2, Marine x2  
  89  9:20  Marauder  
  89  9:23  Marine  
  89  9:24  Marine  
  96  9:29  SCV x2  
  99  9:34  Marine  
  99  9:35  Marine, Terran Infantry Weapons Level 2  
  101  9:39  Siege Tank  
  101  9:41  SCV x2, Marauder  
  107  9:52  Ghost  
  107  9:53  SCV, Marauder  
  113  10:02  Ghost  
  113  10:06  SCV  
  117  10:08  Orbital Command  
  117  10:17  Supply Depot  
  117  10:18  Supply Depot  
  117  10:19  Supply Depot  
  117  10:22  SCV x2, Ghost x2  
  125  10:30  Ghost  
  125  10:34  SCV  
  129  10:36  SCV x2  
  129  10:41  Refinery  
  129  10:42  Supply Depot  
  131  10:43  Refinery  
  131  10:46  SCV  
  131  10:47  Marine x2  
  131  10:49  SCV x2, Siege Tank  
  139  10:50  Marine, Ghost  
  139  10:51  Medivac x2  
  139  10:55  Command Center  
  147  10:58  SCV  
  147  10:59  Marine  
  149  11:05  Marine  
  149  11:07  Terran Ship Weapons Level 1  
  149  11:09  Marauder  
  152  11:17  Barracks, Marauder  
  152  11:18  Barracks  
  153  11:19  Terran Infantry Armor Level 1, Marauder  
  153  11:20  Factory  
  153  11:21  Siege Tank, Viking x2  
  162  11:48  Marine  
  162  11:49  Marine x2  
  165  11:56  Siege Tank, Marine  
  165  11:57  Marauder  
  165  12:00  Supply Depot  
  171  12:01  Supply Depot  
  171  12:02  Supply Depot  
  171  12:06  Marine x2  
  171  12:07  Marine  
  174  12:14  Marauder  
  176  12:23  Supply Depot  
  176  12:25  Marauder  
  176  12:29  Widow Mine  
  180  12:36  Marauder  
  172  12:46  Marauder  
  172  12:50  Widow Mine  
Show
View Real Time Build Order
Export as new Build Order

A.I. 1 (Elite) Protoss - Winner!

Build Orders: 1 Gate Expand, Zealot Archon 

Get SALT Encoding   

  12  0:00  Probe  
  13  0:13  Probe  
  14  0:20  Pylon  
  14  0:25  Probe  
  15  0:34  Probe  
  15  0:42  Probe  
  17  0:50  Gateway  
  17  0:52  Probe  
  18  1:00  Probe  
  19  1:13  Probe  
  19  1:15  Nexus  
  20  1:26  Probe  
  21  1:35  Pylon  
  21  1:37  Zealot  
  23  1:45  Cybernetics Core  
  23  1:48  Assimilator  
  23  1:54  Probe  
  24  2:02  Probe  
  25  2:10  Probe  
  26  2:18  Probe  
  26  2:22  Pylon  
  27  2:26  Probe  
  27  2:27  Probe  
  28  2:31  Warp Gate  
  28  2:35  Gateway  
  29  2:40  Probe  
  30  2:48  Probe  
  30  2:51  Assimilator  
  30  2:52  Stalker  
  30  2:55  Probe  
  33  3:04  Probe x2  
  33  3:05  Pylon  
  34  3:12  Probe  
  34  3:15  Adept  
  34  3:18  Probe  
  36  3:22  Adept  
  40  3:32  Probe  
  41  3:34  Probe  
  41  3:36  Robotics Facility  
  42  3:42  Adept  
  42  3:44  Probe  
  42  3:47  Probe  
  46  3:49  Adept  
  48  3:56  Pylon, Probe  
  48  3:59  Probe  
  50  4:08  Probe  
  50  4:09  Adept  
  51  4:11  Probe  
  54  4:18  Pylon  
  54  4:20  Probe  
  54  4:23  Probe  
  56  4:24  Stalker  
  56  4:26  Immortal  
  62  4:33  Probe  
  62  4:35  Probe  
  64  4:43  Stalker  
  66  4:46  Probe  
  66  4:47  Robotics Facility  
  66  4:48  Probe  
  66  4:52  Pylon  
  68  4:53  Stalker  
  68  4:57  Pylon  
  70  5:11  Probe  
  70  5:12  Gateway, Probe  
  70  5:13  Immortal  
  76  5:21  Stalker  
  76  5:23  Zealot  
  76  5:25  Assimilator  
  80  5:41  Assimilator, Zealot  
  82  5:46  Pylon  
  82  5:47  Probe  
  82  5:49  Twilight Council  
  83  6:04  Probe  
  83  6:05  Probe  
  84  6:14  Probe  
  84  6:17  Probe  
  79  6:19  Nexus  
  79  6:22  Probe  
  79  6:23  Forge  
  78  6:27  Forge  
  78  6:29  Probe  
  78  6:31  Probe  
  78  6:32  Sentry  
  82  6:33  Templar Archives  
  82  6:37  Probe  
  82  6:39  Observer  
  84  6:40  Pylon  
  84  6:43  Stalker, Probe  
  84  6:45  Probe  
  88  6:49  Stalker, Gateway  
  85  6:55  Probe x2  
  87  7:03  Stalker  
  87  7:07  Sentry, Probe x2  
  87  7:08  Protoss Ground Weapons Level 1, Photon Cannon  
  93  7:11  Pylon  
  93  7:12  High Templar  
  95  7:19  Probe  
  95  7:21  Pylon  
  96  7:24  Protoss Ground Armor Level 1  
  96  7:27  High Templar  
  98  7:31  Probe  
  98  7:32  Probe x2  
  101  7:42  Archon  
  101  7:44  Probe x2  
  102  7:45  Assimilator, Probe  
  102  7:47  Pylon  
  102  7:49  High Templar, Photon Cannon  
  106  7:51  Photon Cannon  
  106  7:53  Assimilator  
  106  7:56  Probe  
  106  7:57  Probe  
  106  7:58  Probe  
  109  8:04  High Templar  
  111  8:07  Stalker  
  111  8:08  Probe, Photon Cannon  
  111  8:09  Probe  
  111  8:10  Probe  
  111  8:11  Stalker  
  111  8:12  Pylon  
  118  8:19  Archon  
  118  8:20  Probe  
  118  8:21  Stalker  
  118  8:22  Probe  
  118  8:23  Probe  
  122  8:30  Zealot  
  122  8:32  Probe  
  122  8:33  High Templar  
  122  8:34  Zealot, Probe  
  119  8:35  Probe  
  114  8:44  Zealot, Probe  
  114  8:46  Probe  
  114  8:47  Probe  
  118  8:51  High Templar  
  118  8:55  Stalker  
  122  8:56  Probe  
  122  8:58  Probe  
  122  8:59  Sentry, Probe  
  127  9:04  Stalker, Photon Cannon  
  127  9:06  Archon  
  127  9:08  Probe  
  130  9:10  Probe  
  131  9:17  Stalker  
  131  9:19  Photon Cannon  
  131  9:22  High Templar  
  131  9:23  Stalker, Protoss Ground Weapons Level 2  
  137  9:27  Stalker, Pylon  
  137  9:30  Nexus  
  139  9:40  Stalker  
  141  9:47  High Templar  
  141  9:48  Blink  
  143  9:54  Immortal  
  143  9:55  Photon Cannon  
  143  9:57  Pylon  
  147  10:06  Psionic Storm  
  147  10:07  Warp Prism  
  149  10:15  Stalker, Archon  
  149  10:18  High Templar  
  149  10:19  Pylon  
  153  10:33  Immortal  
  153  10:34  High Templar  
  159  10:36  Warp Prism, Stalker  
  159  10:38  Gateway  
  161  10:45  Pylon  
  161  10:47  Archon  
  163  10:50  Assimilator  
  163  10:53  Sentry  
  163  10:55  Pylon  
  163  10:56  Assimilator  
  165  10:59  Sentry  
  167  11:10  Robotics Facility, Nexus  
  167  11:12  Observer x2  
  167  11:16  Stargate  
  167  11:18  Photon Cannon  
  169  11:22  Pylon  
  169  11:30  Immortal  
  169  11:32  Immortal  
  173  11:34  Gateway  
  173  11:37  Robotics Bay  
  173  11:44  Photon Cannon  
  177  11:53  Zealot  
  179  11:56  High Templar  
  179  12:00  Zealot  
  183  12:03  High Templar  
  183  12:06  Stalker  
  187  12:09  Photon Cannon  
  187  12:12  Photon Cannon  
  187  12:13  Adept  
  189  12:16  Gravitic Drive, Immortal  
  189  12:20  Sentry  
  195  12:29  Stalker  
  197  12:36  Assimilator, Archon  
  195  12:37  Immortal  
  195  12:38  Pylon  
  195  12:40  Nexus  
  195  12:44  Assimilator  
  199  12:49  Forge  
  199  12:50  Zealot x2  
  199  12:51  Zealot  
  199  12:52  Stalker  
  199  12:53  Photon Cannon  
  199  12:55  Stalker  
  171  12:59  Stalker  
  171  13:01  Photon Cannon  
  171  13:05  Adept  
  153  13:08  Stalker  
  153  13:10  Stalker  
  153  13:16  Adept  
  153  13:17  Pylon  
  153  13:19  Stalker  
  157  13:22  Stalker  
  157  13:23  Zealot  
  157  13:26  Adept  
Tags
 
Composition
Zealot Archon
League
Silver
Matchup
PvT
Replay Pack
December
Spawn Locations
Cross Positions
Add a new tag
Caveats
  • Supply blocks, unpowered buildings, or Contaminate may cause inaccurate times.
  • Supply counts are checked every 10 seconds.